 Dungeon Crawl Stone Soup version 0.27.1-15-g792fb953b9 (webtiles) character file.

Game seed: 15626777198796537643

6 ces the Sneak (level 2, -2/21 HPs)
             Began as a Djinni Enchanter on Nov 19, 2021.
             Slain by an adder (3 damage)
             ... on level 2 of the Dungeon.
             The game lasted 00:01:33 (601 turns).

ces the Sneak (Djinni Enchanter)                     Turns: 601, Time: 00:01:33

Health: -2/21      AC:  2    Str:  7    XL:     2   Next: 0%
Gold:   46         EV: 12    Int: 16    God:
                   SH:  0    Dex: 13

rFire    + + .     SeeInvis .   a - +1 dagger
rCold    x . .     Faith    .   (no shield)
rNeg     . . .     Spirit   .   b - +0 robe
rPois    ∞         Reflect  .   (no helmet)
rElec    .         Harm     .   (no cloak)
rCorr    .         Rampage  .   (no gloves)
Will     .....                  (boots unavailable)
Stlth    ++........             (no amulet)
HPRegen  0.07/turn              (no ring)
MPRegen  0.00/turn              (no ring)

@: flying, very slightly contaminated
A: sickness immunity, fire resistance 2, cold vulnerability 1, float, innate
caster, hp casting, extra vitality 1
a: no special abilities


You were on level 2 of the Dungeon.
You visited 1 branch of the dungeon, and saw 2 of its levels.

You collected 46 gold pieces.

Inventory:

Hand Weapons
 a - a +1 dagger (weapon)
Armour
 b - a +0 robe (worn)


   Skills:
 * Level 1.0 Short Blades
 - Level 2.2 Dodging
 * Level 2.6 Stealth
 - Level 2.5 Spellcasting


You couldn't memorise any spells.
You knew the following spells:

 Your Spells              Type           Power      Damage    Failure   Level
a - Corona                Hex            11%        N/A       7%          1
b - Ensorcelled Hibernat  Hex/Ice        20%        N/A       11%         2
c - Confusing Touch       Hex            10%        N/A       22%         3
d - Tukima's Dance        Hex            10%        N/A       22%         3
e - Dazzling Flash        Conj/Hex       20%        N/A       22%         3
Your spell library was empty.

Dungeon Overview and Level Annotations

Branches:
Dungeon (2/15)

Altars:

Annotations:
D:2 Terence


Innate Abilities, Weirdness & Mutations

You are immune to sickness and miasma.
You are immune to poison.
Your flesh is very heat resistant. (rF++)
You are vulnerable to cold. (rC-)
You float through the air rather than walking.
You learn spells naturally, not from books.
Your magical power is your life essence.
You have superior vitality. (+4 HP)


Message History

Casting: Ensorcelled Hibernation (safe; 11% risk of failure)
Confirm with . or Enter, or press ? or * to list all spells.
Aiming: Ensorcelled Hibernation (safe; 11% risk of failure)
Press: ? - help, Shift-Dir - straight line, f/p - adder
Aim: an adder (chance to affect: 50%)
You miscast Ensorcelled Hibernation.
You are very lightly contaminated with residual magic.
Nothing appears to happen.
The adder bites you.
Casting: Ensorcelled Hibernation (safe; 11% risk of failure)
Confirm with . or Enter, or press ? or * to list all spells.
Aiming: Ensorcelled Hibernation (safe; 11% risk of failure)
Press: ? - help, Shift-Dir - straight line, f/p - adder
Aim: an adder (chance to affect: 50%)
The adder looks drowsy...
The helpless adder fails to defend itself.
You puncture the adder!
The adder is almost dead.
The adder misses you.
Casting: Ensorcelled Hibernation (safe; 11% risk of failure)
Confirm with . or Enter, or press ? or * to list all spells.
Aiming: Ensorcelled Hibernation (safe; 11% risk of failure)
Press: ? - help, Shift-Dir - straight line, f - Terence, p - adder
Aim: Terence, wielding a +0 hand axe and wearing a +0 chain mail (chance to affect: 50%)
The adder is unaffected.
* * * LOW HITPOINT WARNING * * *
The adder bites you.
* * * LOW HITPOINT WARNING * * *
You closely miss the adder.
The adder is almost dead.
The adder bites you.
* * * LOW HITPOINT WARNING * * *
The adder bites you.
* * * LOW HITPOINT WARNING * * *
You hit the adder.
The adder is almost dead.
The adder closely misses you.
You hit the adder but do no damage.
The adder is almost dead.
The adder bites you.
You die...

.
###+###+#..
#..........
#...?....#
#........+
#........#
###@#.....
#.#S# ###
#.#@#
########.#.#
.........#.#
.........#.#
#######'##.#
........##.#
#####......#
#####.###
...#.#


You could see Terence and an adder.

Vanquished Creatures
  A goblin (D:1)
  A hobgoblin (D:1)
  2 jackals (D:2)
  A rat (D:1)
5 creatures vanquished.

Notes
Turn   | Place    | Note
-------+----------+-------------------------------------------
     0 | D:1      | ces the Djinni Enchanter began the quest for the Orb.
     0 | D:1      | Reached XP level 1. HP: 15/15 MP: 0/0
   216 | D:2      | Reached skill level 1 in Short Blades
   220 | D:2      | Reached XP level 2. HP: 5/21 MP: 0/0
   586 | D:2      | Noticed Terence
   599 | D:2      | HP: 1/21 [adder (2)]
   601 | D:2      | Slain by an adder

Illustrated notes

Levels and vault maps discovered:
D:1:      mushboom_english_gardens, layout_basic,
          hellmonk_ecumenical_altar_arch_garden, serial_co_window_serial,
          co_window_corner_a, co_window_paths_a, co_window_paths_b,
          co_window_paths_b, co_window_paths_a, co_window_unsneaky_path_a,
          co_window_of_opportunity_b, co_window_unsneaky_path_d,
          co_window_unsneaky_path_b, co_window_unsneaky_path_e,
          co_window_corner_b, co_window_sun, glass_columns_b, glass_columns_a,
          glass_columns_c, glass_columns_c, glass_columns_a
D:2:      layout_basic, serial_curves, eino_curves_01, eino_curves_04,
          fountainhead, grunt_decor_mini_mirrors, minmay_pentomino_pile,
          uniq_terence

Skill      XL: |  1 |
---------------+----+-----
Short Blades   | 1 |  1.0
Dodging        | |  2.2
Stealth        | |  2.6
Spellcasting   | |  2.5

Action                   || total
-------------------------++-------
Melee: Dagger            ||    23
 Cast: Corona            ||     2
       Ensorcelled Hiber ||     5
  Use: Potion            ||     1
 Stab: Sleeping          ||     2
Armor: Robe              ||     5
Dodge: Dodged            ||    29
